 Dungeon Crawl Stone Soup version 0.30-b1-2-g02819fbbbe (webtiles) character file.

Game seed: 9519041959587583877

480 Ashen the Chopper (level 7, -3/61 HPs)
             Began as a Hill Orc Monk on July 1, 2023.
             Slain by a centaur warrior zombie (6 damage)
             ... on level 7 of the Dungeon.
             The game lasted 00:06:30 (3472 turns).

Ashen the Chopper (Hill Orc Monk)                   Turns: 3472, Time: 00:06:32

Health: -3/61      AC:  6    Str: 16    XL:     7   Next: 12%
Magic:  7/7        EV: 10    Int: 10    God:
Gold:   243        SH:  0    Dex: 13    Spells: 6/6 levels left

rFire   . . .        a - +1 hand axe
rCold   . . .        d - orb {light}
rNeg    . . .        i - +0 scale mail
rPois   .            (no helmet)
rElec   .            (no cloak)
rCorr   .            (no gloves)
SInv    .            (no boots)
Will    .....        (no amulet) Stlth
                     (no ring)
HPRegen 0.30/turn    (no ring)
MPRegen 0.10/turn

%: no passive effects
@: glowing
A: no striking features
a: no special abilities


You were on level 7 of the Dungeon.
You visited 1 branch of the dungeon, and saw 5 of its levels.

You collected 269 gold pieces.
You spent 26 gold pieces at shops.

Inventory:

Hand Weapons
 a - a +1 hand axe (weapon)
Missiles
 u - 4 silver javelins (quivered)
Armour
 d - an orb of light (worn)
 i - a +0 scale mail (worn)
Jewellery
 f - a ring of wizardry
Wands
 r - a wand of acid (7)
Scrolls
 j - 2 scrolls of silence
 k - 3 scrolls of identify
 n - a scroll of enchant weapon
Potions
 c - 2 potions of heal wounds {unknown}
 e - 3 potions of magic
 g - 3 potions of curing {unknown}
 m - a potion of invisibility {unknown}
 o - 2 potions of degeneration {unknown}
 p - 3 potions of resistance {unknown}
 q - a potion of might {unknown}
 s - a potion of lignification {unknown}
 t - a potion of attraction {unknown}
 w - a potion of berserk rage {unknown}


   Skills:
 + Level 5.6 Fighting
 + Level 6.2 Axes
 + Level 3.6 Armour
 + Level 3.8 Dodging


You had 6 spell levels left.
You didn't know any spells.
Your spell library contained the following spells:

 Spells                   Type           Power      Damage    Failure   Level
 Lesser Beckoning         Tloc           0%         N/A       89%         2
 Gell's Gravitas          Tloc           0%         N/A       98%         3
 Teleport Other           Tloc           0%         N/A       98%         3


Dungeon Overview and Level Annotations

Branches:
Dungeon (4/15)
 Temple: D:4-7

Altars:
Xom

Shops:
D:1 *   D:2 (

Annotations:
D:2 Sigmund


Message History

You slash the centaur warrior zombie!
The centaur warrior zombie is severely damaged.
The centaur warrior zombie hits you. The centaur warrior zombie kicks you.
The centaur warrior zombie barely misses you.
The centaur warrior zombie kicks you but does no damage.
You slash the centaur warrior zombie!
The centaur warrior zombie is severely damaged.
The centaur warrior zombie closely misses you.
The centaur warrior zombie completely misses you.
You hit the centaur warrior zombie.
The centaur warrior zombie is severely damaged.
The centaur warrior zombie hits you but does no damage.
The centaur warrior zombie misses you.
You hit the centaur warrior zombie but do no damage.
The centaur warrior zombie is severely damaged.
The centaur warrior zombie hits you.
The centaur warrior zombie kicks you but does no damage.
The centaur warrior zombie hits you.
The centaur warrior zombie kicks you but does no damage.
You hit the centaur warrior zombie.
The centaur warrior zombie is almost destroyed.
The centaur warrior zombie hits you but does no damage.
The centaur warrior zombie kicks you.
You slash the centaur warrior zombie!
The centaur warrior zombie is almost destroyed.
You hear the faint creaking of a very distant portcullis.
The centaur warrior zombie misses you. The centaur warrior zombie kicks you.
* * * LOW HITPOINT WARNING * * *
You hit the centaur warrior zombie.
The centaur warrior zombie is almost destroyed.
The centaur warrior zombie hits you!
* * * LOW HITPOINT WARNING * * *
The centaur warrior zombie kicks you but does no damage.
You hit the centaur warrior zombie.
The centaur warrior zombie is almost destroyed.
The centaur warrior zombie hits you!
* * * LOW HITPOINT WARNING * * *
The centaur warrior zombie kicks you but does no damage.
The centaur warrior zombie hits you.
You die...

############# #
#......ZZ@..##############
#.#########...............
#.. #.############## .ZZ.
##.########## # ....8
#.#.........# ..8...8
##.########.# ....... #.#
#.# .8...P. ... #.# #####
#.#####


You could see a centaur warrior zombie and a centaur warrior skeleton.

Vanquished Creatures
  An ogre (D:4)
  A centaur (D:4)
  A bullfrog (D:7)
  A hound (D:7)
  An orc wizard (D:4)
  Robin (D:2)
  3 gnolls (D:3)
  6 adders
  3 worms
  3 dart slugs
  9 orcs
  5 bats
  3 endoplasms
  A giant cockroach (D:4)
  13 goblins
  6 hobgoblins
  8 jackals
  A quokka (D:4)
  9 ball pythons
  7 frilled lizards
  6 kobolds
  4 rats
93 creatures vanquished.

Notes
Turn   | Place    | Note
-------+----------+-------------------------------------------
     0 | D:1      | Ashen the Hill Orc Monk began the quest for the Orb.
     0 | D:1      | Reached XP level 1. HP: 19/19 MP: 1/1
   134 | D:1      | Reached XP level 2. HP: 22/27 MP: 2/2
   535 | D:1      | Found Fehykuol's General Store.
   553 | D:1      | Bought a scroll of identify for 26 gold pieces
   589 | D:1      | Reached skill level 1 in Armour
  1065 | D:2      | Reached XP level 3. HP: 17/33 MP: 3/3
  1136 | D:2      | Noticed Sigmund
  1210 | D:2      | Found Surphir's Antique Weapon Shop.
  1406 | D:2      | Noticed Robin
  1428 | D:2      | Killed Robin
  1439 | D:2      | Reached XP level 4. HP: 37/40 MP: 4/4
  1831 | D:3      | Identified the +5 sling "Lamutofu" {flame, Int+3}
  2137 | D:3      | Reached skill level 5 in Axes
  2254 | D:3      | Reached XP level 5. HP: 22/47 MP: 5/5
  2539 | D:3      | Found a shimmering altar of Xom.
  2646 | D:4      | Noticed an ogre
  2649 | D:4      | Killed an ogre
  2650 | D:4      | Reached skill level 5 in Fighting
  2650 | D:4      | Reached XP level 6. HP: 56/56 MP: 6/6
  3318 | D:4      | You fall into a shaft and drop 3 floors!
  3329 | D:7      | Reached skill level 6 in Axes
  3329 | D:7      | Reached XP level 7. HP: 50/61 MP: 7/7
  3472 | D:7      | HP: 3/61 [centaur warrior zombie (9)]
  3472 | D:7      | Slain by a centaur warrior zombie

Illustrated notes

Levels and vault maps discovered:
D:1:      onia_arrival_mini_maze_b, layout_loops_ring, serial_shops,
          nicolae_shop_pleasant_corner_grove, kennysheep_small_spiral,
          kennysheep_minor_cross, solitary_fountain
D:2:      layout_basic, serial_shops, nicolae_shop_waterfront, uniq_robin,
          uniq_sigmund, uniq_natasha
D:3:      layout_rooms, mainiacjoe_overflow_brackets
D:4:      layout_cave_pools, eino_tiny_chamber, chequers_serial_rivers_room_a
D:7:      cheibrodos_grave_circle, layout_loops_ring, yredelemnul_altar_generic,
          enter_bailey_8, uniq_menkaure, uniq_duvessa

Skill      XL: |  1  2  3  4  5  6 |
---------------+-------------------+-----
Armour         | 1 2 3 |  3.6
Fighting       | 4 5 |  5.6
Dodging        | 3 |  3.8
Axes           | 5 6 |  6.2

Action                     |  1- 3 |  4- 6 |  7- 9 || total
---------------------------+-------+-------+-------++-------
  Melee: Hand axe          |   111 |   151 |    28 ||   290
  Throw: Javelin           |       |     8 |       ||     8
  Evoke: Wand              |       |     2 |       ||     2
    Use: Scroll            |     1 |       |     6 ||     7
         Potion            |     1 |       |       ||     1
 Armour: Scale mail        |    22 |    71 |    20 ||   113
         Robe              |     3 |       |       ||     3
  Dodge: Dodged            |    61 |    70 |    20 ||   151
